 Dungeon Crawl Stone Soup version 0.30-a0-930-gb9d0489357 (webtiles) character file.

Game seed: 8563190532948797580

131 kiwi3s the Chopper (level 4, -7/61 HPs)
             Began as a Minotaur Berserker on Mar 23, 2023.
             Was a Priest of Trog.
             Mangled by a worm (10 damage)
             ... on level 3 of the Dungeon.
             The game lasted 00:01:47 (1734 turns).

kiwi3s the Chopper (Minotaur Berserker)             Turns: 1734, Time: 00:01:47

Health: -7/61      AC:  2    Str: 23    XL:     4   Next: 91%
Magic:  3/3        EV: 12    Int:  4    God:    Trog [***...]
Gold:   48         SH:  0    Dex: 10    Spells: 3/3 levels left

rFire   . . .      SeeInvis .    a - +0 hand axe
rCold   . . .      Faith    .    (no shield)
rNeg    . . .      Spirit   .    b - +0 animal skin
rPois   .          Reflect  .    (helmet restricted)
rElec   .          Rampage  .    (no cloak)
rCorr   .                        (no gloves)
Will    .....                    (no boots) Stlth
                                 (no amulet)
HPRegen 0.30/turn                (no ring)
MPRegen 0.08/turn                (no ring)

@: berserking, very quick
A: horns 2, retaliatory headbutt
a: Renounce Religion, Berserk, Trog's Hand


You were on level 3 of the Dungeon.
You worshipped Trog.
Trog was most pleased with you.
You visited 1 branch of the dungeon, and saw 3 of its levels.

You collected 48 gold pieces.

Inventory:

Hand Weapons
 a - a +0 hand axe (weapon)
Armour
 b - a +0 animal skin (worn)
 l - a +0 buckler
Jewellery
 j - an amulet of reflection
Wands
 h - a wand of charming (12)
 k - a wand of flame (13)
Scrolls
 e - 2 scrolls of identify {unknown}
 f - a scroll of enchant weapon {unknown}
 g - a scroll of immolation {unknown}
 m - a scroll of teleportation {unknown}
Potions
 c - a potion of mutation {unknown}
 d - a potion of invisibility {unknown}
 i - 2 potions of resistance {unknown}


   Skills:
 + Level 4.6 Fighting
 + Level 4.6 Axes
 + Level 3.7 Armour
 + Level 3.3 Dodging


You had 3 spell levels left.
You didn't know any spells.
Your spell library was empty.

Dungeon Overview and Level Annotations

Branches:
Dungeon (3/15)

Altars:

Shops:
D:1 [   D:2 (

Annotations:
D:3 Grinder, Ijyb


Innate Abilities, Weirdness & Mutations

You have a pair of horns on your head.
You reflexively headbutt those who attack you in melee.


Message History

No target in view!
No target in view!
A worm comes into view.
Things that are here:
a +0 hand axe; a +0 hand axe; an orc corpse A worm is nearby!
A worm is nearby!
An orc comes into view. It is wielding a +0 short sword.
The orc shouts!
You hear a shout! x2
There are monsters nearby!
You hear a shout!
Grinder comes into view.
Grinder shouts!
Grinder gestures at you. Pain shoots through your body!
You barely miss the worm. The worm bites you.
You slash the worm! You headbutt the worm.
The worm is heavily wounded.
You barely miss the orc. Grinder gestures at you.
You suddenly lose the ability to move!
The orc hits you with a +0 short sword. The worm bites you!
The orc hits you with a +0 short sword.
An orc comes into view. It is wielding a +0 mace.
The orc hits you but does no damage. The worm bites you.
The orc hits you with a +0 short sword. Grinder gestures at you.
Pain shoots through your body!
* * * LOW HITPOINT WARNING * * *
A frilled lizard comes into view.
You can move again.
A red film seems to cover your vision as you go berserk!
You feel yourself moving faster!
You feel mighty!
The frilled lizard hisses angrily.
Grinder hits you but does no damage. The orc hits you with a +0 short sword.
* * * LOW HITPOINT WARNING * * *
An orc priest comes into view. It is wielding a +0 dagger.
An orc comes into view. It is wielding a +0 flail.
The worm bites you!
You die...

#.............$........
......................#
......###..#.#....o....
####.[............###.
# .. ..#####....).## ##
# . .) #####o..##.o# #
. ###.....l.. #
#.....##### #..@o.#
#..w5.# #.......'
#.....###'# ......#
####...# #.... #....#


You could see Grinder, a worm, an orc priest, 3 orcs and a frilled lizard.

Vanquished Creatures
  Jessica (D:2)
  An orc wizard (D:3)
  An adder (D:2)
  4 worms (D:2)
  6 orcs (D:3)
  2 endoplasms (D:1)
  3 giant cockroaches
  3 hobgoblins (D:1)
  8 kobolds
  A quokka (D:1)
  5 ball pythons
  2 bats (D:1)
  4 frilled lizards
  7 goblins
  9 rats
57 creatures vanquished.

Notes
Turn   | Place    | Note
-------+----------+-------------------------------------------
     0 | D:1      | kiwi3s the Minotaur Berserker began the quest for the Orb.
     0 | D:1      | Reached XP level 1. HP: 19/19 MP: 0/0
   201 | D:1      | Reached XP level 2. HP: 26/27 MP: 1/1
   421 | D:1      | Reached ** piety under Trog
   533 | D:1      | Found Itiskyag's Antique Armour Shop.
   740 | D:1      | Reached XP level 3. HP: 30/33 MP: 2/2
   846 | D:2      | Found Fatz's Antique Weapon Shop.
  1094 | D:2      | Noticed Jessica
  1097 | D:2      | Killed Jessica
  1098 | D:2      | Reached XP level 4. HP: 41/41 MP: 3/3
  1371 | D:2      | Reached *** piety under Trog
  1710 | D:3      | Noticed Ijyb
  1727 | D:3      | Noticed Grinder
  1730 | D:3      | Paralysed by Grinder for 4 turns
  1734 | D:3      | HP: 3/61 [orc/+0 short sword (2)]
  1734 | D:3      | Mangled by a worm

Illustrated notes

Levels and vault maps discovered:
D:1:      spicycebolla_green_bress_n_ham_2, layout_loops_ring, serial_shops,
          shop, grunt_decor_cap
D:2:      layout_basic, serial_shops, shop_statue, nicolae_wormholes,
          uniq_jessica
D:3:      layout_basic, lemuel_doored_altar, serial_forest,
          infiniplex_forest_straight_3, infiniplex_forest_end_2,
          infiniplex_forest_lined_room_3, infiniplex_forest_clump_curved,
          infiniplex_forest_straight_2, infiniplex_forest_lined_room_2,
          uniq_ijyb, uniq_sigmund, uniq_grinder

Skill      XL: |  1  2  3 |
---------------+----------+-----
Fighting       | 4 |  4.6
Axes           | 4 |  4.6
Armour         | 3 |  3.7
Dodging        | 3 |  3.3

Action                     |  1- 3 |  4- 6 || total
---------------------------+-------+-------++-------
  Melee: Hand axe          |    91 |    26 ||   117
         Headbutt          |    12 |     5 ||    17
         Punch             |     1 |       ||     1
 Invoke: Berserk           |       |     1 ||     1
   Stab: Sleeping          |     1 |       ||     1
 Armour: Animal skin       |    17 |     4 ||    21
  Dodge: Dodged            |    45 |    10 ||    55

Table legend: (Time is in decaauts)
 A = Elapsed time spent in this place.
 B = Non-inter-level travel time spent in this place.
 C = Inter-level travel time spent in this place.
 D = Time resting spent in this place.
 E = Time spent auto-exploring this place.
 F = Levels seen in this place.
 G = Mean time per level.
                   A        B        C        D        E       F      G
               +--------+--------+--------+--------+--------+-----+--------+
         Total |   1748 |   1587 |    161 |    111 |   1172 |   3 |  582.7 |
       Dungeon |   1748 |   1587 |    161 |    111 |   1172 |   3 |  582.7 |
               +--------+--------+--------+--------+--------+-----+--------+

Top non-repeatable levels by time:
     D:1: 919 daAuts
     D:2: 651 daAuts
     D:3: 177 daAuts
